 Dungeon Crawl Stone Soup version 0.22.1-1-ga44c0e56f4 (webtiles) character file.

6970 pyumi the Cleaver (level 10, -16/126 HPs)
             Began as a Minotaur Berserker on Nov 12, 2018.
             Was a High Priest of Trog.
             Demolished by an ogre
             ... wielding a +0 giant club
              (20 damage)
             ... on level 1 of the Orcish Mines.
             The game lasted 00:14:26 (9688 turns).

pyumi the Cleaver (Minotaur Berserker)              Turns: 9688, Time: 00:14:27

Health: -16/126    AC: 14    Str: 29    XL:     10   Next: 81%
Magic:  3/3        EV: 10    Int:  4    God:    Trog [*****.]
Gold:   463        SH:  0    Dex:  9    Spells: 9/9 levels left

rFire    + . .     SeeInvis .   N - +5 battleaxe (antimagic)
rCold    . . .     Gourm    .   (shield currently unavailable)
rNeg     . . .     Faith    .   n - +2 chain mail {rF+}
rPois    .         Spirit   .   (helmet restricted)
rElec    .         Reflect  .   t - +0 cloak
rCorr    .         Harm     .   (no gloves)
MR       .....                  K - +1 pair of boots {Fly}
Stlth    ..........             g - amulet of regeneration
HPRegen  0.71/turn              (no ring)
MPRegen  0.08/turn              (no ring)

@: berserking, flying, very quick
A: retaliatory headbutt, horns 2, clumsy 1
a: Berserk, Trog's Hand, Brothers in Arms, Renounce Religion, Stop Flying


You were on level 1 of the Orcish Mines.
You worshipped Trog.
Trog was extremely pleased with you.
You were not hungry.

You visited 2 branches of the dungeon, and saw 11 of its levels.

You collected 727 gold pieces.
You spent 264 gold pieces at shops.

Inventory:

Hand Weapons
 N - a +5 antimagic battleaxe (weapon)
Armour
 n - a +2 chain mail of fire resistance (worn)
 t - a +0 cloak (worn)
 v - a +0 shield
 K - a +1 pair of boots of flying (worn)
Jewellery
 a - a +5 ring of intelligence
 f - a cursed -2 ring of strength
 g - an amulet of regeneration (around neck)
 k - an uncursed amulet of rage
 o - an uncursed ring of resist corrosion
 D - a cursed ring of attention
 E - an uncursed amulet of magic regeneration {unknown}
Wands
 s - a wand of flame (25)
 w - a wand of paralysis (26)
 y - a wand of enslavement (7)
 C - a wand of clouds (6)
Scrolls
 b - 3 scrolls of enchant weapon
 e - 5 scrolls of blinking
 z - 7 scrolls of teleportation
 A - a scroll of fear
 B - 4 scrolls of remove curse
 F - a scroll of noise
 H - a scroll of holy word
 I - a scroll of acquirement {unknown}
 L - 2 scrolls of magic mapping {unknown}
Potions
 d - 2 potions of agility
 h - a potion of curing
 i - 5 potions of degeneration {unknown}
 j - 3 potions of berserk rage {unknown}
 l - 4 potions of lignification {unknown}
 m - 2 potions of haste {unknown}
 p - a potion of heal wounds {unknown}
 q - a potion of flight {unknown}
 r - a potion of mutation {unknown}
 u - a potion of cancellation {unknown}
 x - a potion of resistance {unknown}
 G - 2 potions of ambrosia {unknown}
 J - a potion of invisibility {unknown}
Comestibles
 c - 13 rations


   Skills:
 - Level 6.9 Fighting
 + Level 13.7 Axes
 * Level 3.6 Armour
 * Level 3.2 Dodging
 - Level 12.1 Shields


You had 9 spell levels left.
You didn't know any spells.
Your spell library was empty.

Dungeon Overview and Level Annotations

Branches:
Dungeon (10/15)            Temple (0/1) D:5             Orc (1/2) D:10
   Lair: D:8-11

Altars:
Ashenzari
Cheibriados
Okawaru
Uskayaw
Wu Jian

Shops:
D:10 ?


Innate Abilities, Weirdness & Mutations

You reflexively headbutt those who attack you in melee.
You have a pair of horns on your head.
You are clumsy. (Dex -2)


Message History

You are too injured to fight recklessly!
You are too injured to fight recklessly!
You are too injured to fight recklessly!
Unknown command.
You are too injured to fight recklessly!
You barely miss the ogre. You barely miss the orc warrior.
The orc warrior hits you with a trident!
The ogre hits you with a giant club!
* * * LOW HITPOINT WARNING * * *
You slash the ogre!
The ogre is severely wounded.
You hit the orc warrior. You slash the orc!
You kill the orc!
Trog accepts your kill.
The orc warrior hits you with a trident!
* * * LOW HITPOINT WARNING * * *
A red film seems to cover your vision as you go berserk!
You feel yourself moving faster!
You feel mighty!
You feel a lot more hungry. The ogre hits you with a giant club!!
You die...

# #. ##.##
..#....##
#.....<###
....#.).#[##
......))@o.#
.........O.....$
.###.#....##.##.
###....# #
....## ...#.#
....### ...#.


You could see an orc warrior and an ogre.

Vanquished Creatures
  Erolcha (D:9)
  A cyclops (Orc:1)
  A troll (D:10)
  A hippogriff (D:9)
  A shadow (D:8)
  A wyvern (D:8)
  Grum (D:8)
  A wraith (D:10)
  3 hungry ghosts (D:10)
  A water moccasin (D:5)
  3 orc warriors
  2 phantoms
  2 black bears
  A sky beast (D:9)
  2 ice beasts
  3 ogres
  3 wolves (D:8)
  2 centaurs
  A big kobold (D:10)
  A wyvern zombie (D:7)
  4 bullfrogs
  2 wyvern skeletons
  2 scorpions
  2 troll zombies (D:10)
  5 howler monkeys
  5 wights (D:8)
  A crimson imp (D:5)
  6 hounds
  7 orc priests
  A centaur zombie (D:8)
  2 centaur skeletons
  A gnoll shaman (D:5)
  A jelly (D:6)
  Crazy Yiuf (D:3)
  Terence (D:3)
  5 orc wizards
  3 iguanas
  4 worker ants
  4 ogre zombies (D:10)
  A hound zombie (D:8)
  4 hound skeletons
  A worker ant zombie (D:5)
  11 gnolls
  17 adders
  A shadow imp (D:7)
  3 worms
  A dart slug (D:2)
  4 leopard geckos
  26 orcs
  5 giant cockroaches
  7 goblins
  9 hobgoblins
  6 jackals
  5 quokkas
  10 bats
  4 frilled lizards
  4 goblin skeletons (D:10)
  2 goblin zombies (D:10)
  2 hobgoblin skeletons (D:10)
  3 hobgoblin zombies (D:10)
  9 kobolds
  2 orc skeletons (D:10)
  6 orc zombies (D:10)
  A quokka skeleton (D:4)
  7 rats
240 creatures vanquished.

Notes
Turn   | Place    | Note
-------+----------+-------------------------------------------
     0 | D:1      | pyumi the Minotaur Berserker began the quest for the Orb.
     0 | D:1      | Reached XP level 1. HP: 19/19 MP: 0/0
   228 | D:1      | Reached skill level 4 in Axes
   242 | D:1      | Reached XP level 2. HP: 27/27 MP: 1/1
   911 | D:2      | Reached XP level 3. HP: 34/34 MP: 2/2
   925 | D:2      | Reached ** piety under Trog
  1540 | D:2      | Reached skill level 5 in Fighting
  1540 | D:2      | Reached skill level 5 in Axes
  1540 | D:2      | Reached XP level 4. HP: 41/42 MP: 3/3
  2235 | D:3      | Found a runed door.
  2355 | D:3      | Noticed Terence
  2360 | D:3      | Killed Terence
  2603 | D:3      | Noticed Crazy Yiuf
  2610 | D:3      | Killed Crazy Yiuf
  2610 | D:3      | Reached XP level 5. HP: 13/50 MP: 4/4
  2982 | D:4      | Noticed an ogre
  2994 | D:4      | Killed an ogre
  2994 | D:4      | Reached skill level 6 in Axes
  3446 | D:4      | Reached XP level 6. HP: 57/57 MP: 5/5
  3457 | D:4      | Reached *** piety under Trog
  3476 | D:4      | Found an iron altar of Okawaru.
  3494 | D:4      | Found an ornate altar of the Wu Jian Council.
  3768 | D:5      | Entered Level 5 of the Dungeon
  3784 | D:5      | Got an iridescent falchion
  3785 | D:5      | Identified the cursed +0 falchion "Beastslayer" {freeze,
                  | *Contam rPois rN++ Str-4} (You found it on level 5 of the
                  | Dungeon)
  3822 | D:5      | Gained mutation: You are clumsy. (Dex -2) [mutagenic glow]
  3842 | D:5      | Found a staircase to the Ecumenical Temple.
  3909 | D:5      | Reached skill level 7 in Axes
  3909 | D:5      | Reached skill level 1 in Shields
  3981 | D:5      | Reached XP level 7. HP: 61/64 MP: 6/6
  4118 | D:5      | Reached skill level 8 in Axes
  4778 | D:6      | Found a hide-covered altar of Uskayaw.
  4809 | D:6      | Reached skill level 5 in Shields
  4809 | D:6      | Reached XP level 8. HP: 70/71 MP: 7/7
  4886 | D:6      | Reached skill level 9 in Axes
  5687 | D:6      | You fall through a shaft for 2 floors!
  5902 | D:8      | Reached **** piety under Trog
  5917 | D:8      | Reached skill level 10 in Axes
  6153 | D:8      | HP: 1/106 [wyvern (8)]
  6537 | D:7      | Reached XP level 9. HP: 78/78 MP: 8/8
  6856 | D:7      | Reached skill level 11 in Axes
  7302 | D:8      | Noticed Grum
  7320 | D:8      | Killed Grum
  7564 | D:8      | Reached skill level 10 in Shields
  7610 | D:8      | Reached ***** piety under Trog
  7610 | D:8      | Reached skill level 12 in Axes
  7923 | D:9      | Reached XP level 10. HP: 12/84 MP: 9/9
  8498 | D:9      | Found a shattered altar of Ashenzari.
  8540 | D:9      | Noticed Erolcha
  8549 | D:9      | Killed Erolcha
  8580 | D:9      | Reached skill level 13 in Axes
  8841 | D:10     | Entered Level 10 of the Dungeon
  8904 | D:10     | Found Fiajir's Magic Scroll Emporium.
  8913 | D:10     | Bought a scroll of teleportation for 48 gold pieces
  8913 | D:10     | Bought a scroll of blinking for 120 gold pieces
  8913 | D:10     | Bought 2 scrolls of teleportation for 96 gold pieces
  8951 | D:10     | Found a staircase to the Orcish Mines.
  9271 | D:10     | Received a gift from Trog
  9418 | D:10     | Found a snail-covered altar of Cheibriados.
  9676 | Orc:1    | Entered Level 1 of the Orcish Mines
  9676 | Orc:1    | Noticed a cyclops
  9680 | Orc:1    | Killed a cyclops
  9687 | Orc:1    | HP: 3/84 [orc warrior/trident (16)]
  9688 | Orc:1    | Demolished by an ogre

Skill      XL: |  1  2  3  4  5  6  7  8  9 10 |
---------------+-------------------------------+-----
Fighting       | 4 5 6 |  6.9
Axes           | 4 5 6 7 8 10 12 13 | 13.7
Shields        | 2 5 7 10 12 | 12.1
Armour         | 3 |  3.6
Dodging        | 3 |  3.2

Action                   |  1- 3 |  4- 6 |  7- 9 | 10-12 || total
-------------------------+-------+-------+-------+-------++-------
Melee: Hand axe          |   106 |    87 |       |       ||   193
       Headbutt          |    16 |    21 |    58 |    29 ||   124
       War axe           |       |    30 |   264 |       ||   294
       Broad axe         |       |       |    75 |   131 ||   206
       Battleaxe         |       |       |       |    16 ||    16
Invok: Berserk           |       |     1 |     3 |     1 ||     5
       Trog's Hand       |       |       |     1 |     1 ||     2
  Use: Scroll            |     4 |     5 |       |     8 ||    17
       Potion            |     1 |     1 |     2 |       ||     4
  Eat: Chunk             |       |     2 |       |       ||     2
       Ration            |       |     3 |     6 |     4 ||    13
Armor: Animal skin       |     6 |       |       |       ||     6
       Chain mail        |    60 |    75 |   136 |    81 ||   352
Dodge: Dodged            |    51 |    30 |    68 |    43 ||   192
Block: Shield            |       |    15 |   186 |    86 ||   287
